AoeStats
← web

MegaRandom

507759187Analyzed
4v4 RM · 12d ago on Sep 19, 2026· 26m 39s· 8 players
Game mode
Random Map
Map size
Large (8 player)
Population
200
Speed
Normal
Resources
Standard
Victory
Conquest
Starting age
Dark Age
Ending age
Imperial Age
RankedLock teamsTeams togetherTeam positionsShared explorationLock speedFull tech treeHidden civsTurbo modeCheats
Victory
Defeat
🇬🇧 Muisca · United Kingdom
1370
+11
🇬🇧 Maya · United Kingdom
1249
+16
🇬🇧 Persians · United Kingdom
1240
+17
🇬🇧 Franks · United Kingdom
1093
+22
🇹🇷 Maya · Türkiye
1292
-18
🇺🇸 Lithuanians · United States
1291
-18
🇧🇪 Celts · Belgium
1221
-15
🇵🇾 Magyars · Paraguay
1215
-15
Advanced Farming Research Centre
0:32 Loom
10:58 Feudal Age
15:20 Castle Age
13:57 Fletching
16:23 Double-Bit Axe
16:57 Crossbowman
18:17 Bodkin Arrow
20:55 Padded Archer Armor
25:54 Leather Archer Armor
26:01 Horse Collar
Kupo Games
0:33 Loom
9:46 Feudal Age
10:57 Double-Bit Axe
16:25 Castle Age
23:40 Scale Barding Armor
23:45 Forging
25:03 Chain Barding Armor
25:33 Bloodlines
sachamitchell24
10:31 Feudal Age
11:22 Double-Bit Axe
16:28 Castle Age
16:01 Stone Mining
17:44 Forging
17:35 Scale Mail Armor
17:41 Scale Barding Armor
18:32 Bow Saw
18:33 Gold Mining
18:53 Husbandry
21:11 Loom
24:51 Wheelbarrow
25:01 Wheelbarrow
24:32 Loom
26:50 Hand Cart
Harry Wragg
0:26 Loom
8:34 Feudal Age
9:04 Double-Bit Axe
9:01 Horse Collar
11:31 Horse Collar
11:58 Fletching
19:58 Castle Age
19:41 Padded Archer Armor
20:07 Crossbowman
web
0:31 Loom
8:16 Feudal Age
14:55 Double-Bit Axe
15:59 Forging
17:24 Fletching
20:47 Castle Age
21:19 Bloodlines
22:36 Scale Barding Armor
23:43 Husbandry
NOxArbor
0:33 Loom
8:44 Feudal Age
10:17 Wheelbarrow
9:29 Double-Bit Axe
11:33 Fishing Lines
19:17 Castle Age
17:35 Scale Mail Armor
25:10 Gillnets
Percival Conor
0:41 Loom
9:40 Feudal Age
10:26 Double-Bit Axe
10:37 Horse Collar
16:09 Castle Age
14:57 Gold Mining
16:37 Forging
17:33 Bow Saw
18:14 Stone Mining
18:29 Heavy Plow
24:10 Stone Shaft Mining
24:32 Wheelbarrow
24:44 Scale Mail Armor
24:18 Pikeman
25:13 Town Watch
1811.RJ
0:31 Loom
9:52 Feudal Age
10:44 Double-Bit Axe
12:50 Fishing Lines
13:41 Fishing Lines
13:48 Fishing Lines
14:38 Scale Barding Armor
15:39 Bloodlines
17:18 Wheelbarrow
16:35 Horse Collar
20:52 Castle Age
18:49 Gold Mining
22:16 Husbandry
23:21 Chain Barding Armor
23:46 Bow Saw
24:01 Hand Cart
Connection lost

Rejoining the realm…

Still unreachable

The connection could not be restored.

Session expired

The server has moved on; the page needs a fresh start.